 Dungeon Crawl Stone Soup version 0.21-a0-135-g8dc100c (webtiles) character file.

1231 qqqbard the Cruncher (level 8, -2/70 HPs)
             Began as a Minotaur Gladiator on July 17, 2017.
             Slain by SevenDeadlySins's ghost (14 damage)
             ... on level 8 of the Dungeon.
             The game lasted 00:05:30 (2571 turns).

qqqbard the Cruncher (Minotaur Gladiator)           Turns: 2571, Time: 00:05:30

Health: -2/70      AC: 14    Str: 27    XL:     8   Next: 24%
Magic:  7/7        EV: 11    Int:  5    God:
Gold:   289        SH:  0    Dex: 11    Spells: 7/7 levels left

rFire    + . .     SeeInvis .   a - +1 quarterstaff
rCold    + . .     Gourm    .   (shield currently unavailable)
rNeg     . . .     Faith    .   t - +3 chain mail {rPois}
rPois    +         Spirit   .   c - +0 hat
rElec    .         Reflect  .   A - scarf {rC+ rF+}
rCorr    .         Harm     .   j - +0 pair of gloves
MR       .....     Rnd*Tele +   (no boots)
Stlth    ..........             (no amulet)
HPRegen  0.21/turn              E - ring of teleportation
MPRegen  0.10/turn              (no ring)

@: mighty, very slightly contaminated
A: retaliatory headbutt, horns 2
a: no special abilities


You were on level 8 of the Dungeon.
You were not hungry.

You visited 1 branch of the dungeon, and saw 7 of its levels.
You also visited: Sewer.

You collected 289 gold pieces.

Inventory:

Hand Weapons
 a - a +1 quarterstaff (weapon)
Missiles
 d - 3 throwing nets (quivered)
Armour
 c - a +0 hat (worn)
 j - a +0 pair of gloves (worn)
 t - a +3 chain mail of poison resistance (worn)
 A - a scarf of resistance (worn)
Magical Staves
 p - an uncursed staff of death
Jewellery
 D - an uncursed amulet of faith {unknown}
 E - a ring of teleportation (left hand)
Wands
 H - a wand of iceblast (5/15)
 J - a wand of lightning (15/15)
Scrolls
 l - 5 scrolls of identify
 q - a scroll of recharging
 u - 2 scrolls of teleportation
 y - 3 scrolls of remove curse
Potions
 b - a potion of magic {unknown}
 e - a potion of brilliance {unknown}
 g - a potion of agility {unknown}
 i - 6 potions of flight {unknown}
 n - a potion of curing {unknown}
 o - a potion of berserk rage {unknown}
 s - a potion of ambrosia {unknown}
 v - 3 potions of heal wounds {unknown}
 z - a potion of mutation {unknown}
 I - a potion of lignification {unknown}
Books
 G - a Young Poisoner's Handbook

   Spells                             Type                      Level
   a - Sting                          Conjuration/Poison           1
   b - Poisonous Vapours              Poison/Air                   2
   c - Mephitic Cloud                 Conjuration/Poison/Air       3
   d - Olgreb's Toxic Radiance        Poison                       4
   e - Venom Bolt                     Conjuration/Poison           5
Comestibles
 f - 5 bread rations
 k - 6 meat rations
 m - a royal jelly
 w - 9 fruits
 C - 10 chunks of flesh


   Skills:
 + Level 6.0 Fighting
 * Level 8.2 Staves
 - Level 2.0 Throwing
 + Level 5.2 Armour
 + Level 5.7 Dodging


You had 7 spell levels left.
You didn't know any spells.

Dungeon Overview and Level Annotations

Branches:
Dungeon (6/15)
 Temple: D:4-7

Altars:
Ashenzari
Qazlal
Uskayaw

Shops:
D:5 =

Annotations:
D:8 SevenDeadlySins's ghost, journeyman TeBe


Innate Abilities, Weirdness & Mutations

You reflexively headbutt those who attack you in melee.
You have a pair of horns on your head.


Message History

Your headbutt misses SevenDeadlySins's ghost.
SevenDeadlySins's ghost is heavily damaged.
SevenDeadlySins's ghost closely misses you.
You completely miss SevenDeadlySins's ghost.
SevenDeadlySins's ghost is heavily damaged.
SevenDeadlySins's ghost closely misses you.
You sock SevenDeadlySins's ghost!
SevenDeadlySins's ghost is severely damaged.
SevenDeadlySins's ghost hits you but does no damage.
You sock SevenDeadlySins's ghost!
Your headbutt misses SevenDeadlySins's ghost.
SevenDeadlySins's ghost is almost destroyed.
SevenDeadlySins's ghost hits you!
* * * LOW HITPOINT WARNING * * *
A hobgoblin comes into view.
You completely miss SevenDeadlySins's ghost.
SevenDeadlySins's ghost is almost destroyed.
The hobgoblin shouts!
The hobgoblin moves out of view.
SevenDeadlySins's ghost hits you!
You die...

.
PP♣...#..
.
PPP..#.##
#
#♣.......#
+........#
+........#
+........#
#..W...#
♣PP@.#
♣P♣..#
♣♣PP.#
♣P♣.^.#
#PPPP..#
g#.....##
..#.....#
...#♣PP...
/.. ♣♣...#


You could see SevenDeadlySins's ghost.

Vanquished Creatures
  An orc warrior (D:6)
  A phantom (D:6)
  2 ogres
  A black bear (D:6)
  2 ice beasts (D:5)
  A big kobold (Sewer)
  A scorpion (D:6)
  A crimson imp (D:6)
  A jelly (D:6)
  An orc priest (D:5)
  A hound (D:3)
  4 orc wizards
  Terence (D:2)
  3 worker ants
  A worker ant zombie (D:5)
  3 adders
  A shadow imp (D:5)
  An ooze (D:2)
  An adder skeleton (D:4)
  2 worms
  3 dart slugs
  4 leopard geckos
  14 orcs
  2 ball pythons
  3 bats
  9 giant cockroaches
  6 goblins
  4 hobgoblins
  8 jackals
  10 kobolds
  3 quokkas
  6 rats
102 creatures vanquished.

Notes
Turn   | Place    | Note
-------+----------+-------------------------------------------
     0 | D:1      | qqqbard the Minotaur Gladiator began the quest for the Orb.
     0 | D:1      | Reached XP level 1. HP: 18/18 MP: 0/0
   146 | D:1      | Reached skill level 1 in Armour
   146 | D:1      | Reached XP level 2. HP: 19/25 MP: 1/1
   258 | D:1      | You fall through a shaft!
   334 | D:2      | Found a hide-covered altar of Uskayaw.
   354 | D:2      | Reached skill level 4 in Staves
   354 | D:2      | Reached XP level 3. HP: 27/31 MP: 2/2
   535 | D:2      | Noticed Terence
   553 | D:2      | Killed Terence
   656 | D:2      | Reached XP level 4. HP: 28/38 MP: 3/3
   877 | D:3      | Reached skill level 5 in Staves
   906 | D:3      | Found a stormy altar of Qazlal.
  1214 | D:4      | Reached XP level 5. HP: 46/46 MP: 4/4
  1275 | D:4      | Noticed an ogre
  1281 | D:4      | Killed an ogre
  1281 | D:4      | Reached XP level 6. HP: 34/52 MP: 5/5
  1649 | D:5      | Entered Level 5 of the Dungeon
  1674 | D:5      | Noticed an ice beast
  1680 | D:5      | Killed an ice beast
  1680 | D:5      | Reached skill level 6 in Staves
  1713 | D:5      | Noticed an ice beast
  1719 | D:5      | Killed an ice beast
  1762 | D:5      | Reached XP level 7. HP: 57/60 MP: 6/6
  1843 | D:5      | Reached skill level 5 in Fighting
  1843 | D:5      | Reached skill level 5 in Dodging
  1879 | D:5      | Found Uruluwn's Jewellery Emporium.
  2037 | D:6      | Reached skill level 7 in Staves
  2057 | D:6      | Found a glowing drain.
  2088 | Sewer    | Entered a sewer
  2181 | Sewer    | Found a glowing silver altar of Zin.
  2293 | D:6      | Reached XP level 8. HP: 69/69 MP: 7/7
  2327 | D:6      | Reached skill level 5 in Armour
  2405 | D:6      | Found a shattered altar of Ashenzari.
  2476 | D:6      | Reached skill level 8 in Staves
  2545 | D:6      | You fall through a shaft for 2 floors!
  2552 | D:8      | Noticed SevenDeadlySins's ghost (journeyman TeBe)
  2571 | D:8      | Slain by SevenDeadlySins's ghost

Vault maps used:
D:1:      elethiomel_arrival_quiet, minmay_fountain_box, nrook_uturn
D:2:      eat_drink_and_be_merry_uskayaw, first_bread, uniq_terence
D:3:      st_stairs_9, nicolae_qazlal_general_emergency
D:5:      serial_shops, kennysheep_little_box, columned_hall_lemuel
D:6:      nicolae_ashenzari_panopticon, portal_sewer_entry_f,
          lightli_orcish_oven
D:8:      kennysheep_housing_project, enter_ossuary_5, minivault_14
Sewer:    sewer_kobolds

Skill      XL: |  1  2  3  4  5  6  7  8 |
---------------+-------------------------+-----
Armour         | 1 2 3 4 5 |  5.2
Fighting       | 3 4 5 6 |  6.0
Staves         | 4 5 6 7 8 |  8.2
Dodging        | 4 5 |  5.7
Throwing       | |  2.0

Action                   |  1- 3 |  4- 6 |  7- 9 || total
-------------------------+-------+-------+-------++-------
Melee: Quarterstaff      |    57 |    99 |   120 ||   276
       Headbutt          |     9 |    19 |    21 ||    49
  Use: Scroll            |       |       |     9 ||     9
       Potion            |       |       |     1 ||     1
  Eat: Chunk             |       |     3 |     3 ||     6
Armor: Leather armour    |    11 |       |       ||    11
       Chain mail        |     5 |    38 |    75 ||   118
Dodge: Dodged            |    24 |    45 |    45 ||   114
